 Dungeon Crawl Stone Soup version 0.29.1-12-g30fa7ad0bf (webtiles) character file.

Game seed: 1523685917113093934

212 wormed the Ruffian (level 5, -4/50 HPs)
             Began as a Troll Gladiator on Dec 23, 2022.
             Shot with an arrow by a centaur (9 damage)
             ... on level 4 of the Dungeon.
             The game lasted 00:02:25 (2307 turns).

wormed the Ruffian (Troll Gladiator)                Turns: 2307, Time: 00:02:25

Health: -4/50      AC:  4    Str: 24    XL:     5   Next: 58%
Magic:  4/4        EV: 10    Int:  4    God:
Gold:   160        SH:  0    Dex: 11    Spells: 4/4 levels left

rFire   . . .      SeeInvis .     - Unarmed
rCold   . . .      Faith    .   (no shield)
rNeg    . . .      Spirit   .   a - +0 robe
rPois   .          Reflect  .   b - +0 hat
rElec   .          Harm     .   (no cloak)
rCorr   .          Rampage  .   (gloves unavailable)
Will    .....                   (boots unavailable)
Stlth   +.........              (no amulet)
HPRegen 0.96/turn               (no ring)
MPRegen 0.09/turn               (no ring)

@: no status effects
A: large, unfitting armour, claws 3, regeneration 1, shaggy fur 1, tough skin 1
a: no special abilities


You were on level 4 of the Dungeon.
You visited 1 branch of the dungeon, and saw 4 of its levels.

You collected 160 gold pieces.

Inventory:

Missiles
 c - 3 throwing nets
 d - a large rock (quivered)
Armour
 a - a +0 robe (worn)
 b - a +0 hat (worn)
Jewellery
 f - a ring of ice
Wands
 t - a wand of digging (4)
Scrolls
 e - 3 scrolls of teleportation {unknown}
 h - a scroll of immolation {unknown}
 j - a scroll of fog {unknown}
 m - 2 scrolls of poison {unknown}
 n - 2 scrolls of identify {unknown}
 r - a scroll of amnesia {unknown}
 s - a scroll of enchant weapon {unknown}
Potions
 g - a potion of might {unknown}
 i - a potion of resistance {unknown}
 k - a potion of brilliance {unknown}
 l - a potion of curing {unknown}
 o - 2 potions of attraction {unknown}
 p - a potion of heal wounds
 q - a potion of haste {unknown}


   Skills:
 + Level 2.4 Fighting
 + Level 2.7 Throwing
 + Level 1.3 Armour
 + Level 3.0 Dodging
 * Level 4.4 Unarmed Combat


You had 4 spell levels left.
You didn't know any spells.
Your spell library contained the following spells:

 Spells                   Type           Power      Damage    Failure   Level
 Beastly Appendage        Tmut           0%         N/A       50%         1
 Wereblood                Tmut           0%         N/A       65%         2
 Spider Form              Tmut/Pois      0%         N/A       86%         3


Dungeon Overview and Level Annotations

Branches:
Dungeon (4/15)
 Temple: D:4-7

Altars:
Hepliaklqana
Okawaru
Sif Muna

Shops:
D:1 [(


Innate Abilities, Weirdness & Mutations

You are too large for most types of armour.
You have claws for hands.
Your natural rate of healing is unusually fast.
You are covered in fur. (AC +1)
You have tough skin. (AC +1)


Message History

Found a leather armour.
There is a stone staircase leading up here.
You now have 160 gold pieces (gained 4).
m - 2 scrolls labelled VAUNAR RELOYFUST (gained 1)
A centaur comes into view.
The centaur wields a +0 shortbow.
The centaur shoots an arrow.
The arrow hits you!
A centaur is nearby!
Found a manual of Maces & Flails.
A centaur comes into view.
The centaur shoots an arrow.
The arrow hits you!
The centaur shouts!
The centaur wields a +0 shortbow.
The centaur shoots an arrow.
The arrow hits you!
The centaur shoots an arrow.
The arrow completely misses you.
The centaur shoots an arrow.
The arrow hits you!
* * * LOW HITPOINT WARNING * * *
The centaur shoots an arrow.
The arrow hits you!
* * * LOW HITPOINT WARNING * * *
It was a potion of heal wounds.
You feel much better.
The centaur shoots an arrow.
The arrow barely misses you.
The centaur shoots an arrow.
The arrow hits you.
The centaur shoots an arrow.
The arrow hits you!
The centaur shoots an arrow.
The arrow hits you.
The centaur shoots an arrow.
The arrow barely misses you.
The centaur shoots an arrow.
The arrow hits you.
* * * LOW HITPOINT WARNING * * *
The centaur shoots an arrow.
The arrow barely misses you.
The centaur shoots an arrow.
The arrow hits you.
* * * LOW HITPOINT WARNING * * *
You feel much better.
The centaur shoots an arrow.
The arrow hits you!
The centaur shoots an arrow.
The arrow hits you!
The centaur shoots an arrow.
The arrow hits you.
The centaur shoots an arrow.
The arrow hits you!
* * * LOW HITPOINT WARNING * * *
The centaur shoots an arrow.
The arrow closely misses you.
There is a stone staircase leading up here.
The centaur shoots an arrow.
The arrow barely misses you.
The centaur shoots an arrow.
The arrow hits you!
You die...

##.........# .
##.cc.......#
##.............
#...######.....
##..## ####.
##...# #...##
##.[## #@.##
#...# .....##
#......#
##..##.. #..#
##. #..# # ..#


You could see 2 centaurs.

Vanquished Creatures
  A scorpion (D:2)
  An orc priest (D:2)
  Terence (D:3)
  2 adders
  A worm (D:2)
  2 dart slugs
  4 orcs (D:3)
  4 endoplasms
  4 giant cockroaches
  6 goblins
  6 hobgoblins (D:1)
  10 jackals
  3 quokkas
  5 ball pythons
  5 bats
  A frilled lizard (D:3)
  3 kobolds (D:1)
  4 rats
63 creatures vanquished.

Notes
Turn   | Place    | Note
-------+----------+-------------------------------------------
     0 | D:1      | wormed the Troll Gladiator began the quest for the Orb.
     0 | D:1      | Reached XP level 1. HP: 19/19 MP: 0/0
   101 | D:1      | Found a faded altar of an unknown god.
   150 | D:1      | Reached XP level 2. HP: 24/28 MP: 1/1
   322 | D:1      | Reached XP level 3. HP: 28/35 MP: 2/2
   384 | D:1      | Found Kasehaps's Armour Emporium.
   590 | D:1      | Found Iskegi's Weapon Emporium.
   831 | D:2      | Noticed a scorpion
   843 | D:2      | Killed a scorpion
   844 | D:2      | Reached skill level 1 in Armour
   844 | D:2      | Reached XP level 4. HP: 32/42 MP: 3/3
   937 | D:2      | Reached skill level 4 in Unarmed Combat
   976 | D:2      | Found a hazy altar of Hepliaklqana.
  1361 | D:2      | Reached XP level 5. HP: 24/49 MP: 4/4
  1914 | D:3      | Noticed Terence
  1922 | D:3      | Killed Terence
  1937 | D:3      | Found a shimmering blue altar of Sif Muna.
  2004 | D:3      | Found an iron altar of Okawaru.
  2291 | D:4      | Noticed a centaur
  2292 | D:4      | Noticed a centaur
  2307 | D:4      | Shot with an arrow by a centaur

Illustrated notes

Levels and vault maps discovered:
D:1:      lemuel_arrival_hallway, layout_loops_ring,
          dreamdust_ecumenical_altar_angels_and_demons, serial_shops,
          nicolae_shop_bloodbath_and_beyond, shop, minmay_bisected
D:2:      layout_basic, basic_altar
D:3:      layout_loops_corners, mainiacjoe_overflow_big_doors, uniq_terence
D:4:      layout_cave_pods, minmay_temple_entry_statues_fountains,
          kennysheep_minor_cross, minmay_manual_mares

Skill      XL: |  1  2  3  4  5 |
---------------+----------------+-----
Throwing       | 2 |  2.7
Fighting       | 2 |  2.4
Armour         | 1 |  1.3
Unarmed Combat | 4 |  4.4
Dodging        | 3 |  3.0

Action                   |  1- 3 |  4- 6 || total
-------------------------+-------+-------++-------
Melee: Unarmed           |    80 |    84 ||   164
       Punch             |     2 |     3 ||     5
  Use: Potion            |       |     2 ||     2
 Stab: Sleeping          |     1 |     1 ||     2
Armor: Robe              |    48 |    40 ||    88
Dodge: Dodged            |    62 |    76 ||   138
